 Dungeon Crawl Stone Soup version 0.24-a0-160-gfa3a8d6 (webtiles) character file.

Game seed: 10969405247306917483

2977 tilp the Severer (level 9, -12/70 HPs)
             Began as a Hill Orc Monk on Mar 5, 2019.
             Was a Priest of Ru.
             Mangled by a two-headed ogre
             ... wielding a +0 giant club
              (13 damage)
             ... on level 9 of the Dungeon.
             The game lasted 00:29:49 (9390 turns).

tilp the Severer (Hill Orc Monk)                    Turns: 9390, Time: 00:29:49

Health: -12/70     AC: 17    Str: 17    XL:     9   Next: 82%
Magic:  9/9        EV: 11    Int: 10    God:    Ru [***...]
Gold:   675        SH:  0    Dex: 13    Spells: 8/8 levels left

rFire    . . .     SeeInvis .   a - +2 war axe (curse)
rCold    . . .     Gourm    .   (no shield)
rNeg     . . .     Faith    .   h - +1 plate armour
rPois    +         Spirit   .   (no helmet)
rElec    .         Reflect  .   H - +2 cloak
rCorr    .         Harm     .   (no gloves)
MR       .....                  G - +2 pair of boots
Stlth    ..........             (no amulet)
HPRegen  0.21/turn              p - +6 ring of evasion
MPRegen  0.11/turn              E - ring of poison resistance

@: no status effects
A: hated by all, inexperienced 1
a: Draw Out Power, Renounce Religion


You were on level 9 of the Dungeon.
You worshipped Ru.
Ru was most pleased with you.
You were not hungry.

You visited 2 branches of the dungeon, and saw 10 of its levels.
You also visited: Sewer.

You collected 675 gold pieces.

Inventory:

Hand Weapons
 a - a cursed +2 war axe (weapon)
 b - a +0 hunting sling
 w - a +0 hand axe
 C - a cursed +3 battleaxe of freezing
Missiles
 d - 571 stones
 m - 50 sling bullets
 r - 7 tomahawks
 u - 2 javelins (quivered)
Armour
 h - a +1 plate armour (worn)
 G - a +2 pair of boots (worn)
 H - a +2 cloak (worn)
Jewellery
 p - a +6 ring of evasion (left hand)
 y - an uncursed ring of see invisible
 B - an uncursed ring of positive energy
 E - a ring of poison resistance (right hand)
Wands
 f - a wand of polymorph (10)
 x - a wand of random effects (23)
Scrolls
 j - 3 scrolls of blinking
 o - 3 scrolls of remove curse
 t - a scroll of silence {unknown}
 v - 6 scrolls of teleportation
 z - 2 scrolls of fog
 F - a scroll of magic mapping {unknown}
 I - a scroll of identify
 J - a scroll of enchant weapon {unknown}
 K - a scroll of enchant armour
Potions
 e - a potion of agility
 g - 3 potions of haste
 i - 2 potions of flight
 l - 3 potions of might
 n - 2 potions of magic
 q - a potion of mutation
 s - 3 potions of brilliance
 A - 4 potions of heal wounds
 D - a potion of lignification
Comestibles
 c - 18 rations
 k - 7 chunks of flesh


   Skills:
 - Level 3.6 Fighting
 + Level 18.1 Axes
 - Level 2.4 Dodging
 - Level 1.5 Stealth


You had 8 spell levels left.
You didn't know any spells.
Your spell library contained the following spells:

 Spells                   Type           Power        Failure   Level  Hunger
 Pain                     Necr           #...         100%        1    ##.....
 Regeneration             Chrm/Necr      #.........   100%        3    ####...
 Vampiric Draining        Necr           #.........   100%        3    ####...
 Animate Skeleton         Necr           Unusable     N/A         1    N/A
 Animate Dead             Necr           Unusable     N/A         4    N/A

Dungeon Overview and Level Annotations

Branches:
Dungeon (9/15)             Temple (1/1) D:5
   Lair: D:8-11         Orc: D:9-12

Altars:
Ashenzari
Cheibriados
Dithmenos
Elyvilon
Fedhas
Gozag
Makhleb
Nemelex Xobeh
Qazlal
Ru
Sif Muna
Trog
Vehumet
Wu Jian
Yredelemnul
Zin
The Shining One

Annotations:
D:3 Ijyb


Innate Abilities, Weirdness & Mutations

You are hated by all.
You are somewhat inexperienced. (-2 XL)


Message History

The two-headed ogre hits you with a +0 giant club.
The two-headed ogre hits you but does no damage.
You slash the two-headed ogre!
The two-headed ogre is heavily wounded.
The two-headed ogre hits you with a +0 giant club.
You focus your will and illuminate the two-headed ogre in retribution!
The two-headed ogre misses you.
You hit the two-headed ogre but do no damage.
The two-headed ogre is heavily wounded.
You slash the two-headed ogre!
The two-headed ogre is almost dead.
The two-headed ogre closely misses you. The two-headed ogre barely misses you.
You hit the two-headed ogre.
The two-headed ogre is almost dead.
You hit the two-headed ogre but do no damage.
The two-headed ogre is almost dead.
The two-headed ogre hits you with a +0 giant club!!
* * * LOW HITPOINT WARNING * * *
The two-headed ogre hits you with a +0 giant club!
You die...

#.## #.<####.#.##.#
..#####.รท#.##.#<...#
#.........#..<.....#
####.##..#.####....#
#.##..#.# ##.#.#
##.##..#.# #.#.#
##...#..#.# #.# #
##.......#.#####.#.#.#
...........)....@O(..#
##.....###.#########(.(#
##...## #.# # ##.## ###
. #.# .# ###. .. #.# #
##.###... .. #.#
#>##........#####.######
#.#
.#.....#.#.............
#.# ........#
..#..[......


You could see a two-headed ogre.

Vanquished Creatures
  A centaur warrior (D:9)
  Psyche (D:9)
  A spriggan (D:9)
  A wyvern (D:9)
  Menkaure (D:5)
  A water moccasin (D:9)
  A phantom (D:6)
  2 ice beasts
  A sky beast (D:4)
  4 ogres
  2 centaurs
  2 big kobolds
  5 bullfrogs
  4 scorpions
  2 water moccasin skeletons
  4 wights
  3 howler monkeys
  A bullfrog zombie (D:6)
  A quasit (D:6)
  2 centaur zombies (D:6)
  A jelly (D:6)
  3 hounds
  A centaur skeleton (D:6)
  An orc priest (D:6)
  6 orc wizards
  A bullfrog skeleton (D:4)
  An iguana (D:9)
  6 worker ants
  A bullfrog simulacrum (D:9)
  14 gnolls
  12 adders
  A river rat (D:6)
  2 shadow imps
  4 oozes
  An adder zombie (D:5)
  2 adder skeletons
  3 dart slugs
  2 worms
  5 leopard geckos
  20 orcs
  12 ball pythons
  10 bats
  4 giant cockroaches
  35 goblins
  35 hobgoblins
  6 jackals
  5 quokkas
  7 frilled lizards
  A goblin skeleton (D:6)
  4 hobgoblin zombies (D:6)
  A jackal skeleton (D:9)
  A jackal zombie (D:7)
  16 kobolds
  A kobold skeleton (D:6)
  An orc skeleton (D:6)
  3 orc zombies (D:6)
  34 rats
303 creatures vanquished.

Vanquished Creatures (others)
  An orc (D:6)
1 creature vanquished.

Grand Total: 304 creatures vanquished

Notes
Turn   | Place    | Note
-------+----------+-------------------------------------------
     0 | D:1      | tilp the Hill Orc Monk began the quest for the Orb.
     0 | D:1      | Reached XP level 1. HP: 19/19 MP: 1/1
   205 | D:1      | Reached XP level 2. HP: 19/26 MP: 2/2
   359 | D:1      | Reached skill level 5 in Axes
   488 | D:1      | Reached XP level 3. HP: 29/31 MP: 3/3
   726 | D:2      | Reached skill level 6 in Axes
   916 | D:2      | Reached XP level 4. HP: 35/39 MP: 4/4
  1641 | D:3      | Reached skill level 7 in Axes
  1641 | D:3      | Reached XP level 5. HP: 29/45 MP: 5/5
  2142 | D:3      | Reached skill level 8 in Axes
  2949 | D:3      | Noticed a big kobold
  2952 | D:3      | Reached XP level 6. HP: 14/51 MP: 6/6
  3344 | D:3      | Reached skill level 9 in Axes
  3742 | D:3      | Reached skill level 10 in Axes
  3792 | D:4      | Noticed Ijyb
  3845 | D:4      | Noticed a sky beast
  3846 | D:4      | Reached XP level 7. HP: 57/57 MP: 7/7
  4377 | D:4      | Reached skill level 11 in Axes
  4608 | D:4      | Found a bloodstained altar of Trog.
  4915 | D:5      | Entered Level 5 of the Dungeon
  4949 | D:5      | Noticed Menkaure
  5163 | D:5      | Found a staircase to the Ecumenical Temple.
  5170 | D:5      | Reached XP level 8. HP: 53/64 MP: 8/8
  5179 | Temple   | Entered the Ecumenical Temple
  5281 | Temple   | Became a worshipper of Ru the Awakened
  5296 | Temple   | Gained mutation: You are hated by all. [Ru sacrifice]
  5296 | Temple   | Reached * piety under Ru
  5447 | D:5      | Reached skill level 12 in Axes
  6011 | D:5      | Killed Menkaure
  6275 | D:6      | Reached skill level 13 in Axes
  6661 | D:6      | Found a glowing golden altar of the Shining One.
  6714 | D:6      | Reached skill level 14 in Axes
  6742 | D:6      | Reached XP level 9. HP: 37/70 MP: 9/9
  6758 | D:6      | Found a glowing drain.
  6767 | Sewer    | Entered a sewer
  7734 | D:7      | Reached skill level 15 in Axes
  7907 | D:7      | Found an ornate altar of the Wu Jian Council.
  8011 | D:7      | You fall through a shaft for 2 floors!
  8012 | D:9      | Noticed Psyche
  8027 | D:9      | Gained mutation: You are somewhat inexperienced. (-2 XL)
                  | [Ru sacrifice]
  8027 | D:9      | Reached XP level 8. HP: 64/64 MP: 8/8
  8027 | D:9      | Reached XP level 7. HP: 57/57 MP: 7/7
  8027 | D:9      | Reached ** piety under Ru
  8027 | D:9      | Reached *** piety under Ru
  8135 | D:9      | Noticed a centaur warrior
  8152 | D:9      | Killed a centaur warrior
  8152 | D:9      | Reached skill level 16 in Axes
  8152 | D:9      | Reached XP level 8. HP: 42/64 MP: 8/8
  8320 | D:8      | Reached XP level 9. HP: 60/70 MP: 9/9
  8340 | D:8      | Reached skill level 17 in Axes
  8795 | D:8      | Found a white marble altar of Elyvilon.
  9364 | D:9      | Killed Psyche
  9364 | D:9      | Reached skill level 18 in Axes
  9375 | D:9      | Noticed a two-headed ogre
  9390 | D:9      | HP: 1/70 [two-headed ogre/+0 giant club (25)]
  9390 | D:9      | Mangled by a two-headed ogre

Levels and vault maps discovered:
D:1:      matt_arrival_grand_opening, layout_rooms, minmay_cut_off
D:2:      layout_loops_ring
D:3:      minmay_goblin_kobold_castle, layout_basic, first_ration
D:4:      layout_cave_pools, kennysheep_minor_cross, trog_hazing_becter,
          uniq_ijyb
D:5:      layout_gridville, minmay_temple_entry_mini_moons, uniq_menkaure
D:6:      layout_rooms, portal_sewer_entry_e, nicolae_tso_besieged_by_evil
D:7:      layout_basic, old_standard_altar
D:8:      layout_basic, basic_altar
D:9:      minmay_the_grid_4x2 [minmay_the_grid_large_cup,
          minmay_the_grid_minigrid_small_alt, minmay_the_grid_eight,
          minmay_the_grid_stretched_grid, minmay_the_grid_mess,
          minmay_the_grid_dragon_a, minmay_the_grid_tree,
          minmay_the_grid_prize_four_corners_diamond_a], layout_loops_ring,
          the_bakery, ebering_dispersal_statue_hall, uniq_psyche
Temple:   roderic_octagonal_lattice_temple
Sewer:    sewer_minmay_w

Skill      XL: |  1  2  3  4  5  6  7  8  9 |
---------------+----------------------------+-----
Axes           | 5 6 7 8 10 16 14 18 | 18.1
Fighting       | |  3.6
Dodging        | |  2.4
Stealth        | |  1.5

Action                   |  1- 3 |  4- 6 |  7- 9 || total
-------------------------+-------+-------+-------++-------
Melee: Hand axe          |   156 |   374 |   254 ||   784
       War axe           |       |       |   409 ||   409
 Fire: Hunting sling     |       |       |    10 ||    10
Throw: Stone             |     7 |     1 |       ||     8
       Javelin           |       |       |    11 ||    11
Invok: Sacrifice Experie |       |       |     1 ||     1
       Sacrifice Love    |       |       |     1 ||     1
Evoke: Wand              |       |       |     1 ||     1
  Use: Scroll            |       |     2 |    14 ||    16
       Potion            |       |     2 |     2 ||     4
 Stab: Invisible         |       |       |     2 ||     2
       Distracted        |       |       |     1 ||     1
  Eat: Chunk             |       |    10 |    15 ||    25
       Ration            |       |       |     1 ||     1
Armor: Robe              |    12 |       |       ||    12
       Plate armour      |   114 |   239 |   390 ||   743
Dodge: Dodged            |    62 |    71 |   180 ||   313

Table legend:
 A = Non-vault XP
 B = Vault XP
 C = Vault XP percentage of total XP
 D = Non-vault monster count
 E = Vault monster count
 F = Vault count percentage of total count
                 A         B        C        D         E       F
            +---------+---------+-------+---------+---------+-------
      Total |    3635 |    2956 |  44.8 |     154 |     149 |  49.2
            +---------+---------+-------+---------+---------+-------
        D:1 |      48 |       5 |   9.4 |      20 |       3 |  13.0
        D:2 |      30 |       0 |   0.0 |      16 |       0 |   0.0
        D:3 |     175 |     357 |  67.1 |      23 |      63 |  73.3
        D:4 |     466 |      11 |   2.3 |      18 |       6 |  25.0
        D:5 |     328 |     165 |  33.5 |      13 |       1 |   7.1
        D:6 |     928 |      45 |   4.6 |      24 |      19 |  44.2
        D:7 |     504 |       0 |   0.0 |      14 |       0 |   0.0
        D:8 |     544 |       0 |   0.0 |      15 |       0 |   0.0
        D:9 |     612 |    2062 |  77.1 |      11 |       9 |  45.0
      Sewer |       0 |     311 | 100.0 |       0 |      48 | 100.0
            +---------+---------+-------+---------+---------+-------
